 Dungeon Crawl Stone Soup version 0.31.0-32-g396128a36d (webtiles) character file.

Game seed: 17822866070767845439

374 mainiacjoe the Ruffian (level 6, -2/38 HPs)
             Began as an Octopode Shapeshifter on Mar 24, 2024.
             Was an Initiate of Gozag.
             Slain by an orc priest
             ... wielding a +0 flail
              (5 damage)
             ... on level 5 of the Dungeon.
             The game lasted 00:09:15 (4126 turns).

mainiacjoe the Ruffian (Octopode Shapeshifter)      Turns: 4126, Time: 00:09:16

Health: -2/38      AC:  1    Str: 13    XL:     6   Next: 72%
Magic:  8/8        EV: 13    Int: 14    God:    Gozag
Gold:   589        SH:  0    Dex: 12    Spells: 7/8 levels left

rFire   . .          .
                       - Unarmed
rCold   . . .        (no shield)
rNeg    . . .        (helmet currently unavailable)
rPois   .            e - amulet of magic regeneration
rElec   .            g - ring of willpower
rCorr   .            (no ring)
SInv    .            (no ring)
Will    +....        (no ring)
Stlth   ++           (no ring)
HPRegen 0.26/turn    (no ring)
MPRegen 0.51/turn    (no ring)
                     (no ring)

%: no passive effects
@: beast-form, gold aura
A: beast (slay +2), almost no armour, amphibious, 8 rings, camouflage 1,
gelatinous body 1, (nimble swimmer 1), tentacles
a: Begin Untransformation, Renounce Religion, Potion Petition, Call Merchant,
Bribe Branch


You were on level 5 of the Dungeon.
You worshipped Gozag.
Gozag was pleased with you.
You were a hulking beast.
You visited 1 branch of the dungeon, and saw 5 of its levels.

You collected 589 gold pieces.

Inventory:

Hand Weapons
 b - a +0 sling of draining
Missiles
 d - a boomerang
 j - 5 poisoned darts
 q - 41 stones
 t - 6 atropa-tipped darts {=F}
Jewellery
 e - an amulet of magic regeneration (around mantle)
 g - a ring of willpower (left tentacle)
 l - a ring of ice
 y - a ring of ice
Talismans
 c - a flux talisman
 n - a beast talisman
Wands
 u - a wand of polymorph (11)
Scrolls
 s - a scroll of blinking
 x - a scroll of enchant weapon {unknown}
Potions
 a - a potion of lignification
 f - a potion of curing
 h - a potion of haste
 i - 5 potions of brilliance
 k - a potion of enlightenment {unknown}
 m - a potion of might {unknown}
 o - a potion of invisibility {unknown}
 p - 2 potions of resistance
 r - a potion of attraction {unknown}
 v - a potion of heal wounds {unknown}
 w - a potion of ambrosia {unknown}


   Skills:
 - Level 1.0 Fighting
 - Level 2.0 Dodging
 - Level 6.0 Unarmed Combat
 + Level 1.9 Spellcasting
 - Level 2.0 Earth Magic
 + Level 3.7 Shapeshifting


You had 7 spell levels left.
You knew the following spells:

 Your Spells              Type           Power      Damage    Failure   Level
a - Sandblast             Erth           12%        2d6       11%         1

Your spell library contained the following spells:

 Spells                   Type           Power      Damage    Failure   Level
 Magic Dart               Conj           4%         1d3       24%         1
 Passwall                 Erth           6%         N/A       32%         3
 Searing Ray              Conj           2%         2d4       36%         2
 Stone Arrow              Conj/Erth      8%         3d7       43%         3
 Brom's Barrelling Bould  Conj/Erth      4%         2d3       85%         4
 Fulminant Prism          Conj/Alch      0%         3d5       94%         4
 Summon Forest            Summ/Tloc      0%         N/A       100%        5
 Eringya's Noxious Bog    Alch           0%         4d6       100%        6
 Summon Hydra             Summ           0%         N/A       100%        7


Dungeon Overview and Level Annotations

Branches:
Dungeon (5/15)
 Temple: D:4-7

Altars:
Gozag
Makhleb
Ru
Uskayaw
Xom
Zin

Annotations:
D:4 exclusion: black bear


Innate Abilities, Weirdness & Mutations

You are a hulking beast.
Your limbs bulge with bestial killing power. (Slay +2)
You cannot wear most types of armour.
You are amphibious.
You can wear up to eight rings at the same time.
Your skin changes colour to match your surroundings (Stealth+).
Your rubbery body absorbs attacks. (AC +1, EV +1)
((You are camouflaged when in or above water. (Stealth+)))
You have tentacles for arms and can constrict up to eight enemies at once.


Message History

The orc shouts!
An orc wizard and an orc priest come into view.
The orc priest shouts!
Found a stone staircase leading down.
You closely miss the orc. You grab the orc. You constrict the orc.
The orc closely misses you. The orc wizard casts a spell at you.
The puff of flame hits you!
The orc priest begins to cast a cantrip, but forgets the words!
You tentacle-slap the orc but do no damage.
The orc is moderately wounded.
You constrict the orc. The orc hits you with a +0 flail.
You tentacle-slap the orc.
You tentacle-slap the orc, but do no damage.
The orc is severely wounded.
You constrict the orc, but do no damage.
The orc closely misses you.
You bludgeon the orc!
You kill the orc!
The orc wizard is distracted by your dazzling golden aura.
The orc wizard shouts!
You tentacle-slap the orc priest but do no damage.
Your grab misses the orc priest.
You hear an angry hiss.
The orc wizard is no longer distracted by gold.
The orc priest mumbles some strange prayers to Beogh against you.
Beogh smites you!
You closely miss the orc priest. Your grab misses the orc priest.
The orc priest hits you with a +0 flail!
* * * LOW HITPOINT WARNING * * *
The orc wizard points at you and mumbles some strange words.
The magic dart hits you!
* * * LOW HITPOINT WARNING * * *
You bludgeon the orc priest! You grab the orc priest.
You squeeze the orc priest, but do no damage.
The orc priest is heavily wounded.
You constrict the orc priest, but do no damage.
The orc priest hits you with a +0 flail.
You die...
Your body crumbles into a pile of gold.

.##.### ... .......
.. .... .......
..#...... .......#.
....... .........
#....# .....o..#
....# #>.....o###...#
#$h##...# #.......##
#.....#.)...#
.........##..#
#.......#.....#
#....##.###....##
..#....####.......#
##........###......##
##..........##..#...#


You could see an orc priest and an orc wizard.

Vanquished Creatures
  A howler monkey (D:5)
  3 orc priests
  2 iguanas
  An orc wizard (D:4)
  8 adders
  2 ribbon worms
  A dart slug (D:3)
  14 orcs
  7 ball pythons
  7 bats
  6 endoplasms
  2 giant cockroaches
  4 goblins
  4 hobgoblins
  8 jackals
  2 quokkas
  4 frilled lizards (D:1)
  A kobold (D:2)
  7 rats
84 creatures vanquished.

Notes
Turn   | Place    | Note
-------+----------+-------------------------------------------
     0 | D:1      | mainiacjoe the Octopode Shapeshifter began the quest for
                  | the Orb.
     0 | D:1      | Reached XP level 1. HP: 13/13 MP: 1/1
    78 | D:1      | Reached XP level 2. HP: 18/18 MP: 2/2
   172 | D:1      | Learned a level 1 spell: Sandblast
  1053 | D:1      | Found a faded altar of an unknown god.
  1060 | D:1      | Reached XP level 3. HP: 20/23 MP: 1/3
  1062 | D:1      | Prayed at the altar of an unknown god.
  1062 | D:1      | Became a worshipper of Gozag Ym Sagoz the Greedy
  1178 | D:2      | Reached skill level 1 in Earth Magic
  1183 | D:2      | Reached skill level 4 in Unarmed Combat
  1599 | D:2      | Reached XP level 4. HP: 28/28 MP: 1/4
  2128 | D:3      | Noticed a +0 falchion
  2129 | D:3      | Noticed a +0 dagger
  2129 | D:3      | Noticed a +0 dagger
  2165 | D:3      | Found a glowing silver altar of Zin.
  2404 | D:3      | Found a burning altar of Makhleb.
  2404 | D:3      | Noticed an Executioner
  2639 | D:3      | Noticed a +0 falchion
  2639 | D:3      | Noticed a +0 short sword
  2639 | D:3      | Noticed a +0 spear
  2648 | D:3      | Found a hide-covered altar of Uskayaw.
  2657 | D:3      | Noticed a +0 spear
  2657 | D:3      | Noticed a +0 short sword
  2723 | D:3      | Reached skill level 5 in Unarmed Combat
  2723 | D:3      | Reached XP level 5. HP: 6/33 MP: 5/5
  3275 | D:4      | Noticed a black bear
  3292 | D:4      | Found an opulent altar of Gozag.
  3436 | D:4      | Reached skill level 6 in Unarmed Combat
  3436 | D:4      | Reached XP level 6. HP: 38/38 MP: 6/6
  3447 | D:4      | Reached skill level 1 in Spellcasting
  3771 | D:4      | Found a shimmering altar of Xom.
  3772 | D:4      | Found a sacrificial altar of Ru.
  3983 | D:5      | Entered Level 5 of the Dungeon
  4126 | D:5      | Slain by an orc priest

Illustrated notes

Levels and vault maps discovered:
D:1:      mrwooster_arrival_statue, layout_basic,
          shapermc_ecumenical_altar_mp_urbaneastern, kennysheep_minor_cross,
          minmay_misc_feat_secret_circle, nicolae_concentric_dashed_squares_wild
D:2:      layout_rooms, columned_hall_lemuel
D:3:      layout_basic, makhleb_altar_promises_db, nicolae_uskayaw_en_pointe,
          mainiacjoe_overflow_small_starburst, corexii_item_surrounded_by_moat,
          hangedman_decor_push, nicolae_titane
D:4:      layout_loops_ring, mainiacjoe_overflow_cross_hatched,
          gammafunk_temple_overflow_statue
D:5:      layout_cave_pools, mainiacjoe_overflow_surrounded_room,
          minmay_misc_feat_four_crosses

Skill      XL: |  1  2  3  4  5  6 |
---------------+-------------------+-----
Earth Magic    | 1 2 |  2.0
Unarmed Combat | 4 5 6 |  6.0
Spellcasting   | 1 |  1.9
Fighting       | |  1.0
Dodging        | |  2.0
Shapeshifting  | |  3.7

Action                     |  1- 3 |  4- 6 || total
---------------------------+-------+-------++-------
  Melee: Unarmed           |    59 |    58 ||   117
         Constrict         |    13 |    13 ||    26
         Tentacles         |    11 |     8 ||    19
         Punch             |       |     6 ||     6
   Fire: Sling             |     4 |    37 ||    41
  Throw: Dart              |     3 |       ||     3
         Stone             |     3 |       ||     3
   Cast: Sandblast         |    17 |    31 ||    48
    Use: Scroll            |       |    10 ||    10
         Potion            |       |     1 ||     1
   Stab: Sleeping          |     2 |       ||     2
 Armour: Skin              |    14 |    47 ||    61
  Dodge: Dodged            |    32 |    39 ||    71
